[Event "44th Chess Olympiad Open 2022"]
[Site "Chennai"]
[Date "2022.08.07"]
[Round "9.40"]
[White "Aboudi, Marwan"]
[Black "Abdyjapar, Asyl"]
[Result "0-1"]
[WhiteElo "2144"]
[BlackElo "2306"]
[Annotator "ChessBase"]
[PlyCount "118"]
[EventDate "2022.??.??"]
[TimeControl "60"]

1. d4 Nf6 2. Nf3 g6 3. g3 Bg7 4. Bg2 O-O 5. O-O d6 6. c4 Nc6 7. d5 Na5 8. Na3 c5 9. Re1 a6 10. e4 Bg4 11. h3 Bxf3 12. Bxf3 b5 13.
cxb5 axb5 14. Nxb5 Nd7 15. Rb1 c4 16. b4 cxb3 17. axb3 Qb6 18. Be2 Rfc8 19. Be3 Qb7 20. Nd4 Qb4 21. Bg4 Rc7 22. Bxd7 Rxd7 23. Ra1 Qb7 24. b4 Nc4 25. Rxa8+ Qxa8 26. Nc6 Nxe3 27. Rxe3 Rb7 28. Qc1 Bf6 29. Ra3 Qe8 30. Qe3 Kg7 31. Ra7 Rxa7 32. Qxa7 e6 33. Qe3 exd5 34. exd5 Qa8 35. b5 Qa1+ 36. Kh2 Qb2 37. b6 h5 38. h4 Qb5 39. Na5 Qxa5 40. b7 Qb4 41. Qa7 Bd4 42. b8=Q Qd2 43.
Qxd4+ Qxd4 44. Qxd6 Qxf2+ 45. Kh3 Kh7 46. Qe5 Qg1 47. Qe4 Kg8 48.
Qe8+ Kg7 49. Qe5+ Kf8 50. Qd6+ Kg8 51. Qb8+ Kh7 52. Qb2 Qh1+ 53. Qh2 Qxh2+ 54. Kxh2 Kg7 55. g4 hxg4 56. Kg3 f5 57. Kf4 Kf6 58. d6 Ke6 59. Kg5 g3 0-1

[Event "44th Chess Olympiad Open 2022"]
[Site "Chennai"]
[Date "2022.08.07"]
[Round "9.41"]
[White "Rohl Montes, Juan Armando"]
[Black "Chekh Adm Khedr, Aram"]
[Result "1/2-1/2"]
[WhiteElo "2382"]
[BlackElo "2147"]
[Annotator "RC"]
[PlyCount "156"]
[EventDate "2022.??.??"]
[TimeControl "60"]

1. e4 c5 2. c3 d5 3. exd5 Qxd5 4. d4 e6 5. Nf3 Nf6 6. Bd3 Nc6 7. O-O Be7 8. Na3 cxd4 9. Nb5 Qd8 10. Nbxd4 Nxd4 11. Nxd4 O-O 12. Re1 Re8 13. Qf3 Qd5 14. Qxd5 Nxd5 15. Be4 Bd7 16. Nf3 Bf6 17. Bg5 Bxg5 18. Nxg5 Nf6 19. Bf3 Rac8 20. Rad1 Bc6 21. Bxc6 Rxc6 22. Ne4 Nxe4 23. Rxe4 Rec8 24. f4 h5 25. Kf2 Kf8 26. Ke3 Ke7 27. Red4 R8c7 28. R1d2 g6 29. g3 Rc5 30. Rd8 Rb5 31. R8d4 Rbc5 32. Ra4 a6 33. Rad4 Rc4 34. Rd8 R4c5 35. Rb8 e5 36. fxe5 Rxe5+ 37. Kd3 Rd5+ 38. Kc2 Rxd2+ 39. Kxd2 Kf6 40. Rd8 Kf5 41. Rd4 f6 42. Ke3 g5 43. h3 Ke5 44. Re4+ Kd5 45. Rd4+ Ke5 46. Re4+ Kd5 47. Re8 Rh7 48. Kf3 h4 49. g4 Rd7 50. Ke3 a5 51. Re4 Rf7 52. Rd4+ Ke5 53.
c4 Rc7 54. Rd5+ Ke6 55. Kd4 b6 56. b3 Rf7 57. Rb5 Rd7+ 58.
Ke4 Rd6 59. a3 Rc6 60. Kd4 Rd6+ 61. Rd5 Rc6 62. b4 axb4 63. axb4 Rc7 64. Rb5 Rd7+ 65. Ke4 Rd6 66. c5 bxc5 67. bxc5 Rd1 68. Rb6+ Ke7 69. Rb3 Rg1 70. Kf5 Rf1+ 71. Kg6 Kd7 72. Rb6 Rc1 73. Rd6+ Ke7 74. Rd5 Rc3 75. Rd6 Rxh3 76. Rxf6 Rg3 77. Kxg5 Rxg4+ 78. Kxg4 Kxf6 1/2-1/2

[Event "44th Chess Olympiad Open 2022"]
[Site "Chennai"]
[Date "2022.08.07"]
[Round "9.41"]
[White "Eiti, Bashir"]
[Black "Escalona Landi, Samid Eduardo"]
[Result "1-0"]
[WhiteElo "2337"]
[BlackElo "2191"]
[Annotator "RC"]
[PlyCount "45"]
[EventDate "2022.??.??"]
[TimeControl "60"]

1. Nf3 Nf6 2. g3 g6 3. b4 e6 4. a3 Bg7 5. Bb2 b6 6. Bg2 Bb7 7. O-O O-O 8. d3 d6 9. c4 c5 10. Nc3 Nc6 11. Qa4 Ne7 12. Rfb1 h6 13.
Qd1 Qd7 14. Ra2 Rac8 15. bxc5 Rxc5 16. a4 Rh5 17. a5 bxa5 18. Ba3 Ng4 19. Ne4 a4 20. h3 Nf6 21. Ne5 Rxe5 22. Rxb7 Qd8 23. Bxd6 1-0

[Event "44th Chess Olympiad Open 2022"]
[Site "Chennai"]
[Date "2022.08.07"]
[Round "9.41"]
[White "Castro Torres, Jose Luis"]
[Black "Koniahli, Malek."]
[Result "1/2-1/2"]
[WhiteElo "2326"]
[BlackElo "2238"]
[Annotator "RC"]
[PlyCount "174"]
[EventDate "2022.??.??"]
[TimeControl "60"]

1. e4 c5 2. Nf3 Nc6 3. d4 cxd4 4. Nxd4 Nf6 5. Nc3 d6 6. Bg5 e6 7. Qd2 a6 8. f4 h6 9. Bxf6 Qxf6 10. Nf3 Qd8 11. O-O-O Be7 12. Kb1 b5 13. Qe3 Qc7 14. h4 Bb7 15. g4 O-O-O 16. Bh3 g5 17. fxg5 hxg5 18. hxg5 Rdg8 19. Bg2 Ne5 20. Rxh8 Rxh8 21. Qf4 Rf8 22. a3 Kb8 23. Rh1 Nxf3 24. Bxf3 Qd8 25. Rh5 Ka8 26. e5 d5 27. Ne2 Qb6 28. Rh7 Ka7 29. Bg2 b4 30. axb4 Bxb4 31. Rxf7 Rxf7 32. Qxf7 Ba3 33. b3 Qe3 34. Qf3 Qxe5 35. Qf2+ Ka8 36. Nd4 Qxg5 37. Ka2 Qc1 38. c3 Bc5 39. b4 Bb6 40. Qc2 Qe3 41. Nb3 Qg3 42. c4 Qxg4 43.
cxd5 exd5 44. Ka3 Qg3 45. Qd2 Qe5 46. Qd3 Ka7 47. Ka2 Kb8 48.
Bf3 Qd6 49. Qd2 Qe5 50. Bg2 Kc7 51. Qc2+ Kb8 52. Qd2 Ka7 53. Ka3 Qh2 54. Ka2 Qd6 55. Bf3 Qc6 56. Ka3 Qc4 57. Qc1 Qd3 58. Qd1 Qb5 59. Qe2 Qxe2 60. Bxe2 Be3 61. b5 axb5 62. Bxb5 Kb6 63. Bd3 Bc8 64. Kb4 Kc6 65. Bb5+ Kd6 66. Bd3 Ke5 67. Kc3 Bb6 68. Kd2 Bd7 69. Kc3 Kf4 70. Kd2 Ba4 71. Bc2 Be3+ 72. Kc3 Ke5 73. Bd3 Bb6 74. Kb4 Be8 75. Kc3 Bd8 76. Kd2 Bf6 77. Bc2 Be7 78. Kc3 Ba4 79. Nd4 Bd7 80. Nb3 Bf6 81. Kd2 Kf4 82. Nc5 Bc8 83. Nd3+ Kg3 84. Nb4 d4 85. Nc6 Bg5+ 86. Ke1 Bf6 87. Nxd4 Bxd4 1/2-1/2

[Event "44th Chess Olympiad Open 2022"]
[Site "Chennai"]
[Date "2022.08.07"]
[Round "9.41"]
[White "Altorky, Amer"]
[Black "Palomo, Franklin Annervys"]
[Result "0-1"]
[WhiteElo "2040"]
[BlackElo "2324"]
[Annotator "RC"]
[PlyCount "76"]
[EventDate "2022.??.??"]
[TimeControl "60"]

1. e4 c5 2. Nc3 Nc6 3. g3 g6 4. Bg2 Bg7 5. d3 d6 6. f4 e6 7. Nf3 Nge7 8. O-O O-O 9. Be3 Nd4 10. Bf2 Rb8 11. Nxd4 cxd4 12. Ne2 e5 13. c3 Nc6 14. cxd4 exd4 15. Rc1 Qb6 16. Qd2 Be6 17. b3 a5 18. h3 f5 19. exf5 gxf5 20. Bf3 Rbe8 21. Qb2 Bf7 22. Rfd1 Re7 23. Rc2 Rfe8 24. g4 Nb4 25. Rcd2 Re3 26. Bg2 Bd5 27. Ng3 Bxg2 28. Kxg2 Qc6+ 29. Kh2 fxg4 30. hxg4 Qf3 31. Rg1 Qxf4 32. Qc1 Rf3 33. Rg2 Be5 34. Qc4+ Kh8 35. Re2 Nxd3 36. Bxd4 Rxg3 37. Bxe5+ Rxe5 38. Qxf4 Rxg2+ 0-1

[Event "44th Chess Olympiad Open 2022"]
[Site "Chennai"]
[Date "2022.08.07"]
[Round "9.42"]
[White "Bwalya, Gillan"]
[Black "Nassr, Ali"]
[Result "1/2-1/2"]
[WhiteElo "2396"]
[BlackElo "2263"]
[Annotator "TA"]
[PlyCount "102"]
[EventDate "2022.??.??"]
[TimeControl "60"]

1. d4 d5 2. c4 dxc4 3. e3 Nf6 4. Bxc4 e6 5. Nc3 a6 6. a4 Be7 7. Nf3 O-O 8. O-O c5 9. Qe2 Nc6 10. Rd1 cxd4 11. exd4 Nb4 12. Bf4 {[%emt 0:03:12] D27: Queen's Gambit Accepted:
Classical main line: 7 e4!? and 7 a4.} Nbd5 13. Bg3 b6 14. Ne5 {[%emt 0:00:28] Black must now prevent
Nxd5.} Bb7 {[%emt 0:01:03] [#]} 15. Bd3 $146 ({Predecessor:} 
15. Rac1 Re8 16. h3 g6 17. Nxd5 Nxd5 18. Qf3 Rf8 19. Bf4 Kg7 20. Ng4 {0-1 (56)
Jamieson,P (2277)-Shvedchikov,A (2412) Thessaloniki 2011}) 15... Nb4 16. Bb1 Rc8 17. Ng4 Nxg4 18. Qxg4 g6 19. Be5 Nd5 20. Ne2 (20. Ba2 $11)
20... Bd6 (20... Rc4 $5 ) 21. Ng3 f5 22. Qe2 Bxe5 (22...
Nb4 {seems wilder.} 23. Ba2 Nxa2 24. Rxa2 Bxe5 25. dxe5 Qc7) 23. Qxe5 Qf6 24. Qxf6 Rxf6 25. Ne2 Rf7 26. Ra3 Rfc7 27. h4 Kf7 28. Kh2 a5 29. Bd3 Nb4 30.
Nf4 Nd5 (30... Kf6 {with more complications.}
31. Re1 Re7 32. Bb1 Nd5) 31. Ne2 h6 32. Bb1 (32. Kg1 $142) 32... Ba6 $17 33. Bd3 Bxd3 34. Raxd3 Rc4 35. b3 Rc2 36. R3d2 g5 37. hxg5 hxg5 38. Kg1 Rxd2 39. Rxd2 $19 {[%emt 0:00:07] Endgame
KRN-KRN} Ke7 40. Kf1 Kd6 41.
g3 Rc7 42. Kg2 Nc3 43. Ng1 (43. Kf1 $17) 43... Ne4 44.
Rb2 Kd5 (44... g4 $19 {is more deadly. ...
Ng5 is the strong threat.} 45. Ne2 Ng5) 45. Ne2 (45. f3 $142
Nf6 46. Ne2) 45... Rc6 $1 $17 46. b4 {[%emt 0:00:00] [#]} (46.
g4 $17) 46... axb4 $1 $19 47. Rxb4 Rc2 48. Kf1 Nd2+ 49. Ke1 {
[%emt 0:00:00] [#]} Nc4 ({Black should play} 49... Nf3+ $1 50.
Kf1 Kc6) 50. Rb5+ $17 Kd6 (50... Ke4 $15 51.
Rb3 Rb2 52. f3+ Kd5) 51. Rb4 $11 Kd5 {[%emt 0:00:00] Weighted
Error Value: White=0.16 (very precise) /Black=0.14 (very precise)} 1/2-1/2

[Event "44th Chess Olympiad Open 2022"]
[Site "Chennai"]
[Date "2022.08.07"]
[Round "9.42"]
[White "Lungu, Nase"]
[Black "Djabri, Massinas"]
[Result "0-1"]
[WhiteElo "2216"]
[BlackElo "2206"]
[Annotator "RC"]
[PlyCount "70"]
[EventDate "2022.??.??"]
[TimeControl "60"]

1. c4 e5 2. g3 Nf6 3. Bg2 g6 4. Nf3 Nc6 5. Nc3 Bg7 6. d4 exd4 7. Nxd4 O-O 8.
O-O Re8 9. Nc2 d6 10. b3 Bf5 11. f3 d5 12. Na3 d4 13. Na4 d3 14. e3 Nb4 15.
Qd2 Nc2 16. Nxc2 dxc2 17. e4 Nxe4 18. fxe4 Bxa1 19. exf5 Qxd2 20. Bxd2 Bd4+ 21. Kh1 Re2 22. Bc1 Rae8 23. fxg6 hxg6 24. Bf3 Rf2 25. Rxf2 Re1+ 26. Kg2 Rxc1 27. Be4 Rg1+ 28. Kxg1 c1=Q+ 29. Kg2 Bxf2 30. Kxf2 Qd2+ 31. Kf3 b6 32. Bd5 Qxa2 33. c5 Qd2 34. Bc4 Qd4 35. h4 c6 0-1

[Event "44th Chess Olympiad Open 2022"]
[Site "Chennai"]
[Date "2022.08.07"]
[Round "9.42"]
[White "Brahami, Lamine"]
[Black "Phiri, Richmond"]
[Result "0-1"]
[WhiteElo "2189"]
[BlackElo "2293"]
[Annotator "NA RC"]
[PlyCount "48"]
[EventDate "2022.??.??"]
[TimeControl "60"]

1. d4 Nf6 2. c4 e6 3. Nf3 b6 4. g3 Bb7 5. Bg2 Bb4+ 6. Bd2 Be7 7. O-O O-O 8.
Nc3 d5 9. Ne5 c6 10. Bf4 Nbd7 11. Qc2 Nxe5 12. dxe5 Nd7 13. Rad1 g5 14. Bc1 Nxe5 15. cxd5 cxd5 16. e4 d4 17. f4 d3 18. Qb1 gxf4 19. gxf4 Bc5+ 20. Kh1 Ng4 21. Bf3 Nxh2 22. Kg2 Nxf1 23. Kxf1 Qh4 24. Rd2 Kh8 0-1

[Event "44th Chess Olympiad Open 2022"]
[Site "Chennai"]
[Date "2022.08.07"]
[Round "9.42"]
[White "Araoun, Saadi"]
[Black "Kabwe Timothy"]
[Result "1-0"]
[WhiteElo "2049"]
[BlackElo "2248"]
[Annotator "RC"]
[PlyCount "111"]
[EventDate "2022.??.??"]
[TimeControl "60"]

1. d4 d5 2. c4 c6 3. Nc3 Nf6 4. e3 g6 5. Nf3 Bg7 6. Be2 O-O 7. O-O Bf5 8.
cxd5 Nxd5 9. Qb3 b6 10. Nxd5 cxd5 11. Bd2 Be6 12. Rfc1 Bc8 13. Rc3 Ba6 14. Bb5 Bxb5 15. Qxb5 e6 16. Rac1 Qd7 17. Qd3 Qa4 18. Ra3 Qd7 19. Qc2 Re8 20. Qc7 Bf8 21. Rac3 Qxc7 22. Rxc7 Na6 23. R7c6 Nb4 24. Bxb4 Bxb4 25. Kf1 Red8 26. Ke2 Bd6 27. Nd2 Kf8 28. g3 Ke7 29. e4 Bb4 30. e5 Bxd2 31. Kxd2 Rd7 32. Kc3 h5 33. Kb4 f6 34. exf6+ Kxf6 35. Re1 Re7 36. Re5 g5 37. Rxd5 Rc8 38. Rxc8 exd5 39. Rf8+ Kg6 40. Kc3 Re2 41. h3 b5 42. a3 a5 43. Rf3 Re1 44. Kd2 Rh1 45. Rb3 b4 46. axb4 axb4 47. g4 h4 48.
Rf3 Rh2 49. Kc2 Rh1 50. Kb3 Rd1 51. Kxb4 Rxd4+ 52. Kc5 Rd1 53. b4 d4 54. Kc4 Rb1 55. b5 Rb2 56. Rb3 1-0

[Event "44th Chess Olympiad Open 2022"]
[Site "Chennai"]
[Date "2022.08.07"]
[Round "9.43"]
[White "Msellek, Ilyass"]
[Black "Kulpruethanon, Thanadon"]
[Result "1/2-1/2"]
[WhiteElo "2398"]
[BlackElo "2294"]
[Annotator "TA"]
[PlyCount "74"]
[EventDate "2022.??.??"]
[TimeControl "60"]

1. e4 e5 2. Nf3 Nc6 3. Bb5 a6 4. Ba4 Nf6 5. O-O Be7 6. Re1 b5 7. Bb3 d6 8. c3 O-O 9. h3 Bb7 10. d4 Re8 11. Nbd2 Bf8 12. a3 h6 13. Bc2 Nb8 14. b4 Nbd7 15. Bb2 Rc8 {[%emt 0:00:30] [#] C93: Closed
Ruy Lopez: Smyslov Variation.} 16. c4 $146 ({Predecessor:} 16.
a4 c6 17. c4 Qc7 18. Rc1 bxa4 19. Bxa4 a5 20. bxa5 exd4 21. Nxd4 Qxa5 22. Bc2
Qc7 23. Qf3 {½-½ (36) Mendl,M (2536)-Pessoa,F (2517) ICCF email 2020}) 16...
c5 (16... exd4 $5 17. cxb5 axb5 $14) 17. bxc5 exd4 18. cxd6 bxc4 19. Bxd4 {[%emt 0:08:59] Hoping for e5.} c3 20. Nb1 Nxe4 21. Bxe4 Rxe4 22. Nxc3 Rf4 {[%emt 0:16:10] Strongly threatening ...
Bxf3.} 23. Re3 Rc4 (23... Bxd6 $11 {keeps
the balance.} 24. Rd3 (24. Bxg7 $2 Bc5 $19) 24... Qe7) 24. Qd3 $1 $16 Qc8 {[%emt 0:39:37] White must now prevent ...Bxf3.} 25. Ne2 {[%emt 0:
00:00] 0x0.00198aca9010dp-1022s more active pieces.} Rxf3 26.
gxf3 Rc6 27. Ng3 {[%emt 0:14:45] And now Nf5
would win.} Rxd6 28. Nf5 ({White should play
} 28. Qc3 $16) 28... Rg6+ (28... Rd5 $1 $15 29. Ng3 Nc5) 29.
Kh1 Nc5 (29... Rg5 $11 30. Kh2 Nb6) 30. Bxc5 Qxc5 {[%emt 0:01:47] [#]} (30... Bxc5 $142 31. Rc1 Qf8) 31.
Rg1 $1 Qc8 {[%emt 0:01:45] Against Re8
} 32. Kh2 {[%emt 0:12:55] aiming for Rxg6.} Rf6 {[%emt 0:00:21] [#]} (32...
Qc7+ $16 {is tougher.} 33. Rg3 Bc6) 33. Rxg7+ $3 $18 Kh8 34. Rh7+ Kg8 35. Rg7+ $1 Kh8 36. Rh7+ Kg8 37. Rg7+ $1 Kh8 {[%emt 0:00:00] Weighted Error Value:
White=0.51/Black=0.60. An unexpected result.} 1/2-1/2

[Event "44th Chess Olympiad Open 2022"]
[Site "Chennai"]
[Date "2022.08.07"]
[Round "9.43"]
[White "Laohawirapap, Prin"]
[Black "Choukri, Adel"]
[Result "0-1"]
[WhiteElo "2230"]
[BlackElo "2306"]
[Annotator "RC"]
[PlyCount "58"]
[EventDate "2022.??.??"]
[TimeControl "60"]

1. e4 c5 2. Nf3 Nc6 3. d4 cxd4 4. Nxd4 Nf6 5. Nc3 e5 6.
Ndb5 d6 7. Nd5 Nxd5 8. exd5 Nb8 9. a4 Be7 10. Be2 O-O 11.
Bd2 f5 12. a5 a6 13. Na3 Nd7 14. O-O e4 15. Nc4 Ne5 16. Nb6 Rb8 17. f4 exf3 18. Bxf3 Bf6 19. Be2 g5 20. c4 f4 21. Bb4 f3 22. gxf3 Bh3 23.
Rf2 Qe7 24. Ra3 Ng6 25. c5 Bxb2 26. cxd6 Qg7 27. Rd3 Nf4 28. Rd2 g4 29. Bf1 Bd4 0-1

[Event "44th Chess Olympiad Open 2022"]
[Site "Chennai"]
[Date "2022.08.07"]
[Round "9.43"]
[White "Saeheng, Boonsueb"]
[Black "Zrikem, Nassim"]
[Result "1-0"]
[WhiteElo "2063"]
[BlackElo "2075"]
[Annotator "NA RC"]
[PlyCount "59"]
[EventDate "2022.??.??"]
[TimeControl "60"]

1. d4 d5 2. c4 dxc4 3. e3 c5 4. Bxc4 cxd4 5. exd4 Nf6 6. Nf3 e6 7. O-O Be7 8. Nc3 O-O 9. Qe2 Nbd7 10. Rd1 Nb6 11. Bb3 Nbd5 12. Ne5 b6 13. Nxd5 Nxd5 14. Nc6 Qe8 15. Bxd5 exd5 16. Nxe7+ Kh8 17. Qe5 f6 18. Qd6 Bg4 19. Re1 Rd8 20. Qg3 Qd7 21. Bd2 Be6 22. Bb4 Rfe8 23. Qe3 Bf7 24. Ba3 a5 25. Rac1 b5 26. Bc5 Ra8 27. Qh3 f5 28. Re5 g6 29. Qh6 Ra6 30. Rce1 1-0

[Event "44th Chess Olympiad Open 2022"]
[Site "Chennai"]
[Date "2022.08.07"]
[Round "9.43"]
[White "Hadj Kholti, Yasser"]
[Black "Arunnuntapanich, Tinnakrit"]
[Result "0-1"]
[WhiteElo "1871"]
[BlackElo "2117"]
[Annotator "NA"]
[PlyCount "74"]
[EventDate "2022.??.??"]
[TimeControl "60"]

1. e4 c5 2. Nf3 d6 3. d4 cxd4 4. Nxd4 Nf6 5. Nc3 a6 6. Be3 e5 7. Nf3 Be7 8. Bc4 O-O 9. O-O Be6 10. Bb3 b5 11. Nd5 Nxd5 12. Bxd5 Bxd5 13. Qxd5 Nd7 14. Qd3 Qc7 15. a4 Nc5 16. Bxc5 Qxc5 17. Rfd1 b4 18.
a5 Rfc8 19. Ne1 Qc4 20. Ra4 Rab8 21. b3 Qc6 22. Qd5 Qc3 23.
Kf1 g6 24. Qd2 Rb5 25. Nd3 d5 26. Qe3 dxe4 27. Qxe4 f5 28. Qe3 e4 29. Ne1 Qxe3 30. fxe3 Bg5 31. Rd6 Bxe3 32. Rxa6 Rd5 33. Rxb4 Rd2 34. h4 Rf2+ 35. Kg1 Rf4+ 36. Kh2 Rxh4+ 37. Kg3 g5 0-1

[Event "44th Chess Olympiad Open 2022"]
[Site "Chennai"]
[Date "2022.08.07"]
[Round "9.44"]
[White "Boudriga, Mohamed Ali"]
[Black "Abdelazeez, Mohamed Abdalla"]
[Result "1-0"]
[WhiteElo "2308"]
[BlackElo "2182"]
[Annotator "RC"]
[PlyCount "63"]
[EventDate "2022.??.??"]
[TimeControl "60"]

1. e4 c5 2. Nf3 g6 3. c3 d5 4. exd5 Qxd5 5. d4 Bg4 6. Be2 Nc6 7. h3 Bf5 8. dxc5 Qxc5 9. Be3 Qa5 10. Qb3 Qc7 11. Bc4 e5 12. Na3 g5 13.
Nb5 Qe7 14. Nxg5 Bg6 15. O-O-O Bh6 16. Bxf7+ Kf8 17. Ne6+ Kxf7 18. Rd7 Bxe3+ 19. fxe3 Qxd7 20. Nc5+ Ke7 21.
Nxd7 Kxd7 22. Qd5+ Ke7 23. Rf1 Rd8 24. Qc5+ Ke6 25. Qc4+ Ke7 26. Nxa7 Nxa7 27. Qc7+ Ke8 28. Qxe5+ Kd7 29. Rd1+ Kc8 30. Rxd8+ Kxd8 31. Qxh8 Bf7 32. Qd4+ 1-0

[Event "44th Chess Olympiad Open 2022"]
[Site "Chennai"]
[Date "2022.08.07"]
[Round "9.44"]
[White "Tagelsir, Abubaker"]
[Black "Zaibi, Amir"]
[Result "1/2-1/2"]
[WhiteElo "2232"]
[BlackElo "2398"]
[Annotator "TA"]
[PlyCount "44"]
[EventDate "2022.??.??"]
[TimeControl "60"]

1. e4 c5 2. Nf3 Nc6 3. g3 Nf6 4. Nc3 g6 5. Bg2 Bg7 6. O-O O-O 7. d3 d6 8. h3 Rb8 9. Be3 Nd7 {[%emt 0:03:14] B25: Closed Sicilian: 3 g3, lines without
early Be3.} 10. Qd2 Nd4 11. Ne1 b5 {[%emt 0:08:58] Black is slightly better.} 12. Bh6 Bxh6 13. Qxh6 {[%emt 0:08:06] [#]} e6 $146 ({
Predecessor:} 13... b4 14. Nd1 a5 15. c3 Nb5 16. Nf3 f6 17. Qd2 Ne5 18. Ne1 Qb6
19. Ne3 bxc3 20. bxc3 {1-0 (31) Tempone,M (2445)-Seminara,J (2320) Mar del
Plata 1998}) 14. Nf3 Nxf3+ 15. Bxf3 Qf6 16. Bg2 b4 17.
Nd1 a5 18. Rb1 Ba6 19. Ne3 {[%emt 0:00:20] Prevents c4.} Qg7 20. Qh4 Qf6 {[%emt 0:02:38] Against Qe7} 21. Qh6 Qg7 22. Qh4 Qf6 {[%emt 0:00:05] Prevents Qe7.
Weighted Error Value: White=0.12 (very precise) /Black=0.10 (very precise)}
1/2-1/2

[Event "44th Chess Olympiad Open 2022"]
[Site "Chennai"]
[Date "2022.08.07"]
[Round "9.44"]
[White "Meddeb, Anis"]
[Black "Hassan, Tarek Ahmed"]
[Result "0-1"]
[WhiteElo "2121"]
[BlackElo "2209"]
[Annotator "NA RC"]
[PlyCount "54"]
[EventDate "2022.??.??"]
[TimeControl "60"]

1. e4 c5 2. Nf3 Nc6 3. d4 cxd4 4. Nxd4 g6 5. Nxc6 bxc6 6.
Qd4 Nf6 7. e5 Nd5 8. Bc4 Qb6 9. c3 Qxd4 10. cxd4 Nb6 11. Bd3 Bg7 12. Nc3 O-O 13. h4 d6 14. f4 Rd8 15. Be4 dxe5 16. dxe5 Nd5 17. h5 Bg4 18. Bxd5 cxd5 19. hxg6 hxg6 20. Rh4 Bf5 21. g4 Bd3 22. Rh3 Ba6 23. Bd2 Rac8 24. Rc1 g5 25. Rh5 gxf4 26. Bxf4 Rc4 27. Ne2 Re4 0-1

[Event "44th Chess Olympiad Open 2022"]
[Site "Chennai"]
[Date "2022.08.07"]
[Round "9.44"]
[White "Hamid Mohammed"]
[Black "Amdouni, Zoubaier"]
[Result "0-1"]
[WhiteElo "2116"]
[BlackElo "2224"]
[Annotator "RC"]
[PlyCount "94"]
[EventDate "2022.??.??"]
[TimeControl "60"]

1. Nf3 Nf6 2. c4 e6 3. Nc3 d5 4. e3 Bd6 5. b3 c6 6. Bb2 Nbd7 7. d4 Qe7 8. Be2 Ba3 9. Qc2 Bxb2 10. Qxb2 O-O 11. O-O dxc4 12. bxc4 e5 13. d5 e4 14. Nd2 cxd5 15. Nxd5 Nxd5 16. cxd5 Nf6 17. Qd4 Rd8 18. Bc4 b5 19. Bb3 Bb7 20. Rfc1 Bxd5 21. Qb2 Ng4 22. Bd1 Qe5 23. Qxe5 Nxe5 24. Rc5 a6 25. Bb3 Bxb3 26. Rxe5 Bd5 27. Nb3 Kf8 28. Nd4 g6 29. g4 f6 30. Rxd5 Rxd5 31. Ne6+ Ke7 32. Nc7 Rad8 33. Nxd5+ Rxd5 34. a4 b4 35. Rc1 Kd6 36. Kg2 b3 37. Rc8 b2 38. Rb8 Rb5 39. axb5 b1=Q 40. Rb6+ Ke5 41. Rxa6 Qxb5 42. Ra8 Qe2 43. Re8+ Kd5 44. g5 Qg4+ 45. Kf1 Qxg5 46. Rd8+ Ke5 47. Re8+ Kf5 0-1

[Event "44th Chess Olympiad Open 2022"]
[Site "Chennai"]
[Date "2022.08.07"]
[Round "9.45"]
[White "Al Hosani, Omran"]
[Black "Kojima, Shinya"]
[Result "1/2-1/2"]
[WhiteElo "2215"]
[BlackElo "2346"]
[Annotator "RC"]
[PlyCount "46"]
[EventDate "2022.??.??"]
[TimeControl "60"]

1. e4 e5 2. Nf3 Nc6 3. Bb5 a6 4. Ba4 Nf6 5. d3 Bc5 6. O-O d6 7. c3 Ba7 8. Re1 O-O 9. Nbd2 Ne7 10. Nf1 Ng6 11. Bb3 c6 12. Ng3 h6 13. h3 d5 14. exd5 Nxd5 15. d4 exd4 16. Nxd4 Ndf4 17. Qf3 Qf6 18. Ne4 Qe5 19. Bxf4 Nxf4 20. Ng3 Qg5 21. Ne4 Qe5 22. Ng3 Qg5 23. Ne4 Qe5 1/2-1/2

[Event "44th Chess Olympiad Open 2022"]
[Site "Chennai"]
[Date "2022.08.07"]
[Round "9.45"]
[White "Averbukh, Alex"]
[Black "Sultan, Ibrahim"]
[Result "0-1"]
[WhiteElo "2155"]
[BlackElo "2108"]
[Annotator "ChessBase"]
[PlyCount "84"]
[EventDate "2022.??.??"]
[TimeControl "60"]

1. e4 e5 2. Nf3 Nc6 3. d4 exd4 4. Nxd4 Bc5 5. Nb3 Bb6 6.
Nc3 Nf6 7. Qe2 O-O 8. Be3 Re8 9. f3 d6 10. O-O-O Be6 11. g4 Bxb3 12. cxb3 Qc8 13. g5 Nh5 14. Nd5 Ne7 15. Nxb6 axb6 16. f4 g6 17. Kb1 d5 18. Bc1 dxe4 19. Qxe4 Nc6 20. Qc4 Qg4 21. Bd3 Rad8 22. Bc2 Ng7 23. b4 Ne6 24. h4 Rd4 25. Qc3 Red8 26. Rxd4 Ncxd4 27. h5 Qg2 28. Re1 gxh5 29. Be4 Qg4 30. Qe3 Ng7 31. Qd3 Ngf5 32. Rd1 Rd6 33. Re1 h4 34. Qc3 c6 35. Bd3 Kf8 36. b3 h3 37. Be4 h2 38.
Qd3 Re6 39. Bb2 Qg1 40. Qd1 h1=Q 41. Rxg1 Qxe4+ 42. Kc1 Ne2+ 0-1

[Event "44th Chess Olympiad Open 2022"]
[Site "Chennai"]
[Date "2022.08.07"]
[Round "9.45"]
[White "Abdulrahman Mohammad, Al Taher"]
[Black "Kobayashi, Atsuhiko"]
[Result "1-0"]
[WhiteElo "2029"]
[BlackElo "2156"]
[Annotator "RC"]
[PlyCount "147"]
[EventDate "2022.??.??"]
[TimeControl "60"]

1. d4 Nf6 2. c4 e6 3. Nc3 Bb4 4. e3 O-O 5. Bd3 d5 6. cxd5 exd5 7. Nge2 Re8 8.
O-O Bd6 9. Qc2 a6 10. a3 Nbd7 11. b4 c6 12. f3 a5 13. Rb1 axb4 14. axb4 Qb6 15. Kh1 Nf8 16. e4 dxe4 17. fxe4 Be7 18. Bg5 Ng4 19. Bxe7 Rxe7 20. Rf3 Ne6 21. h3 Nxd4 22. Nxd4 Qxd4 23. hxg4 Bxg4 24. Ne2 Qd6 25. Rf2 Re6 26. Kg1 Rh6 27. Qc4 Bxe2 28. Qxf7+ Kh8 29. e5 Bh5 30. exd6 Bxf7 31. Rxf7 Rxd6 32. Rbf1 g6 33. Be4 Rd4 34. Re7 Kg8 35. b5 Rf8 36. bxc6 Rxf1+ 37. Kxf1 bxc6 38. Bxc6 Rd6 39. Bf3 Rd2 40. Kg1 Rb2 41. Rd7 Rc2 42. Kh2 Rb2 43. Kh3 Rb5 44. Kh4 Re5 45. Bd5+ Kh8 46. g4 h6 47. Kg3 Re1 48. Kf4 Rf1+ 49. Kg3 Rf6 50. Be4 Kg8 51. Rc7 Kh8 52. Bc2 Kg8 53. Kh4 Rb6 54. Kg3 Rf6 55. Be4 Kh8 56. Rd7 Kg8 57. Bd3 Kh8 58. g5 hxg5 59. Kg4 Rb6 60.
Kxg5 Kg8 61. Bxg6 Kf8 62. Rf7+ Kg8 63. Kh6 Rd6 64. Ra7 Kf8 65. Kg5 Rb6 66. Bf5 Rc6 67. Kf4 Rc5 68. Ke4 Rb5 69. Be6 Rc5 70. Bd5 Rc1 71. Ke5 Re1+ 72. Kd6 Re7 73. Ra2 Re1 74. Rg2 1-0